 Dungeon Crawl Stone Soup version 0.18.1-48-g4cf74bf (webtiles) character file.

185 zultag the Caller (level 5, 0/35 HPs)
             Began as a Merfolk Summoner on Sept 8, 2016.
             Was a Follower of Elyvilon (penitent).
             Slain by a worldbinder (4 damage)
             ... summoned by miscasting Summon Guardian Golem
             ... on level 4 of the Dungeon.
             The game lasted 01:20:45 (4592 turns).

zultag the Caller (Merfolk Summoner)                Turns: 4592, Time: 01:20:46

Health: 0/35       AC:  4    Str: 13    XL:     5   Next: 64%
Magic:  5/10       EV: 13    Int: 16    God:    Elyvilon [*]
Gold:   183        SH:  0    Dex: 14    Spells: 4 memorised, 2 levels left

rFire  . . .     SeeInvis .     y - +1 spear (flame)
rCold  + . .     Gourm    .     q - +2 robe {rC+}
rNeg   . . .     Faith    .     (no shield)
rPois  .         Spirit   .     (no helmet)
rElec  .         Dismiss  .     (no cloak)
rCorr  .         Reflect  .     (no gloves)
SustAt .         Harm     .     (no boots)
MR     .....                    (no amulet)
Stlth  ++........               (no ring)
                                g - +2 ring of slaying

@: mighty, very slightly contaminated, not resistant to hostile enchantments,
unstealthy
A: change form in water, swift swim
a: Renounce Religion


You were on level 4 of the Dungeon.
You worshipped Elyvilon.
Elyvilon was demanding penance.
You were not hungry.

You visited 2 branches of the dungeon, and saw 5 of its levels.

You collected 183 gold pieces.

Inventory:

Hand Weapons
 c - a +3 hand axe
 e - a +0 hand axe
 h - a +0 spear
 l - a +0 long sword
 m - a cursed -2 spear
 o - a +0 hunting sling
 s - a +1 blowgun
 y - a +1 spear of flaming (weapon)
Missiles
 f - 75 stones (quivered)
 j - 37 sling bullets
 k - 30 poisoned needles
 p - 15 arrows
 r - 18 bolts
Armour
 a - a +0 robe
 d - a +0 scale mail of cold resistance
 q - a +2 robe of cold resistance (worn)
Jewellery
 g - a +2 ring of slaying (left hand)
Potions
 w - a potion of degeneration {unknown}
Books
 b - a book of Callings

   Spells                             Type                      Level
   a - Summon Small Mammal            Summoning                    1
   b - Call Imp                       Summoning                    2
   c - Call Canine Familiar           Summoning                    3
   d - Summon Guardian Golem          Hexes/Summoning              3
   e - Summon Lightning Spire         Summoning/Air                4
   f - Summon Ice Beast               Ice/Summoning                4
Comestibles
 i - a beef jerky
 n - 3 meat rations


   Skills:
 + Level 0.2 Fighting
 + Level 1.2 Throwing
 + Level 3.6 Dodging
 + Level 2.1 Stealth
 + Level 3.5 Spellcasting
 + Level 5.2 Summonings


You had 2 spell levels left.
You knew the following spells:

 Your Spells              Type           Power        Failure   Level  Hunger
a - Summon Small Mammal   Summ           ###.         1%          1    None
b - Call Canine Familiar  Summ           ###.....     8%          3    ###....
c - Call Imp              Summ           ###.....     3%          2    ##.....
d - Summon Guardian Gole  Hex/Summ       ##......     17%         3    ###....


Dungeon Overview and Level Annotations

Branches:
Dungeon (4/15)             Temple (1/1) D:4

Altars:
Ashenzari
Cheibriados
Elyvilon
Fedhas
Gozag
Kikubaaqudgha
Makhleb
Nemelex Xobeh
Pakellas
Qazlal
Ru
Sif Muna
Vehumet
Xom
Yredelemnul
Zin
The Shining One


Message History

The worldbinder hits you.
* * * LOW HITPOINT WARNING * * *
Your hound bites the warg.
The warg barely misses you.
The orc priest hits your hound with a flail.
It was a potion of might.
You feel very mighty all of a sudden. The worldbinder hits you.
* * * LOW HITPOINT WARNING * * *
The worldbinder completely misses you.
The worldbinder calls forth creatures from the Vaults!
Your hound bites the orc priest.
The warg barely misses you.
Press: ? - help, v - describe, . - travel
Here: a yaktaur (summoned)
The floor.
You hit the worldbinder but do no damage.
The yaktaur disappears in a puff of smoke!
Your hound bites the orc priest.
The worldbinder hits you.
* * * LOW HITPOINT WARNING * * *
The worldbinder hits you.
You die...

.... #.#.....# ...
#.#.....#
..###.#.....#
.....+..... #.##.#
... #.##.# #o# #
#.####..#.###o# .#
#...........#h####.#
#######.#.#ox@h§...#
#...........♣x♣c.#.#
###..#...[#.pp...#
.... #.#[.#.♣.♣.##
#....#.#.>......# #.
#......###.#.# #
#.#.##.# #..... ####
#[# ###.... #.#
##....


You could see an ironheart preserver, a yaktaur, 2 worldbinders, a human, a
warg, 2 orc priests, an orc and a friendly hound.

Vanquished Creatures
  An orc wizard (D:3)
  An adder (D:3)
  A dart slug (D:1)
  A giant gecko (D:2)
  2 orcs (D:3)
  A giant cockroach (D:3)
  2 goblins
  2 hobgoblins
  2 jackals
  3 bats
  2 giant newts
  2 kobolds
  A rat (D:1)
21 creatures vanquished.

Vanquished Creatures (collateral kills)
  4 orc wizards
  A worker ant (D:3)
  3 adders
  2 worms (D:3)
  2 dart slugs
  A giant gecko (D:2)
  5 orcs
  2 giant cockroaches (D:1)
  10 goblins
  4 hobgoblins
  11 jackals
  8 kobolds
  A quokka (D:3)
  3 ball pythons
  4 bats
  3 giant newts
  5 rats
69 creatures vanquished.

Grand Total: 90 creatures vanquished

Notes
Turn   | Place    | Note
--------------------------------------------------------------
     0 | D:1      | zultag the Merfolk Summoner began the quest for the Orb.
     0 | D:1      | Reached XP level 1. HP: 13/13 MP: 3/3
   146 | D:1      | Reached XP level 2. HP: 19/19 MP: 1/5
  1087 | D:2      | Reached XP level 3. HP: 16/24 MP: 2/6
  1232 | D:2      | Learned a level 3 spell: Call Canine Familiar
  1345 | D:2      | Found a deep blue altar of Sif Muna.
  1351 | D:2      | Became a worshipper of Sif Muna the Loreminder
  1560 | D:2      | Found a radiant altar of Vehumet.
  1561 | D:2      | Found a snail-covered altar of Cheibriados.
  1563 | D:2      | Found a white marble altar of Elyvilon.
  1569 | D:2      | Found a burning altar of Makhleb.
  1592 | D:2      | Fell from the grace of Sif Muna
  1592 | D:2      | Became a worshipper of Elyvilon the Healer
  1722 | D:2      | Found a shattered altar of Ashenzari.
  1726 | D:2      | Saw a vision of the Swamp and the Spider Nest.
  1726 | D:2      | Noticed a water moccasin
  1726 | D:2      | Noticed an alligator
  1726 | D:2      | Noticed a swamp drake
  1726 | D:2      | Noticed a swamp drake
  1726 | D:2      | Noticed a scorpion
  1726 | D:2      | Noticed a wolf spider
  1726 | D:2      | Noticed a redback
  1726 | D:2      | Noticed a redback
  1726 | D:2      | Noticed a wolf spider
  1727 | D:2      | Noticed an alligator
  1727 | D:2      | Noticed a redback
  1910 | D:3      | Learned a level 2 spell: Call Imp
  2222 | D:3      | Reached XP level 4. HP: 21/30 MP: 1/8
  2265 | D:3      | Reached * piety under Elyvilon
  2639 | D:3      | Noticed a spatial vortex
  2646 | D:3      | Reached skill level 5 in Summonings
  2911 | D:3      | Learned a level 3 spell: Summon Guardian Golem
  3483 | D:3      | Reached XP level 5. HP: 35/35 MP: 2/9
  3549 | D:3      | Reached skill level 1 in Throwing
  3810 | D:4      | Found a staircase to the Ecumenical Temple.
  4071 | D:3      | Elyvilon protects you from harm!
  4077 | D:3      | Was placed under penance by Elyvilon
  4437 | Temple   | Entered the Ecumenical Temple
  4587 | D:4      | Noticed a worldbinder
  4587 | D:4      | Noticed a worldbinder
  4589 | D:4      | Noticed a warg
  4591 | D:4      | Noticed a yaktaur
  4591 | D:4      | Noticed a yaktaur
  4592 | D:4      | Noticed a yaktaur
  4592 | D:4      | Noticed an ironheart preserver
  4592 | D:4      | Noticed a human
  4592 | D:4      | Slain by a worldbinder

Skill      XL: |  1  2  3  4  5 |
---------------+----------------+-----
Dodging        | 3 |  3.6
Spellcasting   | 3 |  3.5
Summonings     | 5 |  5.2
Throwing       | 1 |  1.2
Fighting       | |  0.2
Stealth        | |  2.1

Action                   |  1- 3 |  4- 6 || total
-------------------------+-------+-------++-------
Melee: Hand axe          |    26 |     1 ||    27
       Hunting sling     |     2 |       ||     2
       Blowgun           |       |     4 ||     4
       Spear             |       |     4 ||     4
 Fire: Blowgun           |    11 |    32 ||    43
       Hunting sling     |     1 |       ||     1
Throw: Stone             |    10 |       ||    10
 Cast: Summon Small Mamm |    58 |    43 ||   101
       Call Canine Famil |    10 |    22 ||    32
       Summon Guardian G |       |     5 ||     5
Invok: Divine Protection |       |     1 ||     1
  Use: Potion            |     1 |     3 ||     4
       Scroll            |       |     6 ||     6
 Stab: Distracted        |     2 |       ||     2
  Eat: Bread ration      |     2 |     2 ||     4
Armor: Robe              |     6 |     9 ||    15
Dodge: Dodged            |    53 |    50 ||   103
